 Dungeon Crawl Stone Soup version 0.31.0-11-ge490571c62 (webtiles) character file.

Game seed: 10562211816379063887

67 gelatine the Firebug (level 3, -2/24 HPs)
             Began as a Demonspawn Fire Elementalist on Feb 1, 2024.
             Slain by a gnoll
             ... wielding a +4 flail
              (8 damage)
             ... on level 2 of the Dungeon.
             The game lasted 00:04:29 (1600 turns).

gelatine the Firebug (Demonspawn Fire Elementalist) Turns: 1600, Time: 00:04:30

Health: -2/24      AC:  3    Str:  8    XL:     3   Next: 98%
Magic:  3/6        EV: 12    Int: 17    God:
Gold:   27         SH:  0    Dex: 13    Spells: 3/6 levels left

rFire   . . .        d - +0 short sword
rCold   . . .        (no shield)
rNeg    . . .        a - +0 robe
rPois   .            (no helmet)
rElec   .            (no cloak)
rCorr   .            i - +0 pair of gloves
SInv    .            (no boots)
Will    .....        (no amulet)
Stlth   ++           (no ring)
HPRegen 0.24/turn    (no ring)
MPRegen 0.10/turn

%: no passive effects
@: no status effects
A: weakness stinger 1
a: no special abilities


You were on level 2 of the Dungeon.
You visited 1 branch of the dungeon, and saw 3 of its levels.

You collected 93 gold pieces.
You spent 66 gold pieces at shops.

Inventory:

Hand Weapons
 c - a +0 dagger
 d - a +0 short sword (weapon)
Armour
 a - a +0 robe (worn)
 i - a +0 pair of gloves (worn)
Scrolls
 g - 2 scrolls of amnesia
 h - a scroll of teleportation {unknown}
 j - a scroll of fear
Potions
 b - a potion of magic
 e - a potion of degeneration {unknown}
 f - 2 potions of attraction {unknown}


   Skills:
 + Level 0.1 Fighting
 + Level 1.9 Dodging
 + Level 2.2 Stealth
 + Level 2.3 Spellcasting
 + Level 2.0 Conjurations
 + Level 3.5 Fire Magic


You had 3 spell levels left.
You knew the following spells:

 Your Spells              Type           Power      Damage    Failure   Level
a - Foxfire               Conj/Fire      44%        2x1d6     6%          1
b - Scorch                Fire           26%        2d6       7%          2

Your spell library contained the following spells:

 Spells                   Type           Power      Damage    Failure   Level
 Inner Flame              Hex/Fire       7%         N/A       26%         3
 Volatile Blastmotes      Fire/Tloc      14%        2d11      26%         3
 Ensorcelled Hibernation  Hex/Ice        4%         N/A       28%         2
 Passwall                 Erth           2%         N/A       50%         3
 Swiftness                Air            2%         N/A       50%         3
 Flame Wave               Conj/Fire      11%        2d6       52%         4


Dungeon Overview and Level Annotations

Branches:
Dungeon (3/15)

Altars:

Shops:
D:1 [   D:2 ?


Innate Abilities, Weirdness & Mutations

You have a small tail.


Message History

Confirm with . or Enter, or press ? or * to list all spells.
Flames lash the gnoll.
The gnoll is severely wounded.
The gnoll's fire resistance burns away.
Casting: Scorch (safe; 7% risk of failure)
Confirm with . or Enter, or press ? or * to list all spells.
Flames lash the gnoll.
The gnoll is burned terribly!
You kill the gnoll!
Your Conjurations skill increases to level 2!
You see here a +0 short sword.
Casting: Scorch (safe; 7% risk of failure)
Confirm with . or Enter, or press ? or * to list all spells.
Flames lash the gnoll but do no damage.
Casting: Scorch (safe; 7% risk of failure)
Confirm with . or Enter, or press ? or * to list all spells.
Flames lash the gnoll.
The gnoll is heavily wounded.
The gnoll's fire resistance burns away.
The gnoll hits you from afar with a +0 spear!
The gnoll attacks as it pursues you! The gnoll closely misses you.
The gnoll is no longer more vulnerable to fire.
The gnoll attacks as it pursues you! The gnoll misses you.
The gnoll attacks as it pursues you!
The gnoll hits you from afar with a +0 spear.
The gnoll attacks as it pursues you! The gnoll closely misses you.
Things that are here:
a +0 club; a kobold corpse
There is a stone staircase leading up here.
The gnoll closely misses you.
You climb upwards.
The gnoll closely misses you.
There is a stone staircase leading down here.
The gnoll attacks as it pursues you! The gnoll hits you with a +4 flail.
A kobold comes into view. It is wielding a +0 short sword.
Found a scroll labelled ZUXTIENYTA.
The gnoll attacks as it pursues you! The gnoll barely misses you.
The gnoll attacks as it pursues you! The gnoll hits you with a +4 flail!
Ouch! That really hurt!
* * * LOW HITPOINT WARNING * * *
The gnoll hits you with a +4 flail!
You die...

######.###.#
#..........#
#.####.##### .# #.#
#.# #.# #.#
#.##########
#.####..........#
###....##########.#
#.@...........รทรท...
#g####>##.##.####.#
#g# #.##>##.####.#
##.####.##.##.#.....
#....g..##.##.#.#..#
#..####.............
#..# #.##.##.......
#..# #.#..........#
#.?# ..............


You could see 2 gnolls.

Vanquished Creatures
  An adder (D:2)
  3 gnolls
  A dart slug (D:2)
  2 endoplasms
  2 giant cockroaches
  2 jackals (D:1)
  A kobold (D:3)
  2 quokkas (D:2)
  2 ball pythons
  2 bats
  2 frilled lizards (D:1)
  4 goblins (D:1)
  4 rats
28 creatures vanquished.

Vanquished Creatures (others)
  88 foxfires
88 creatures vanquished.

Grand Total: 116 creatures vanquished

Notes
Turn   | Place    | Note
-------+----------+-------------------------------------------
     0 | D:1      | gelatine the Demonspawn Fire Elementalist began the quest
                  | for the Orb.
     0 | D:1      | Reached XP level 1. HP: 13/13 MP: 3/3
   185 | D:1      | Reached skill level 3 in Fire Magic
   375 | D:1      | Discovered your monstrous ancestry.
   375 | D:1      | Gained mutation: You have a small tail. [demonic ancestry]
   375 | D:1      | Reached XP level 2. HP: 19/19 MP: 1/5
   669 | D:1      | Found Woezesit's Antique Armour Boutique.
   957 | D:2      | Learned a level 2 spell: Scorch
  1053 | D:2      | Reached XP level 3. HP: 21/24 MP: 0/6
  1217 | D:2      | Found Offaump's Magic Scroll Shop.
  1230 | D:2      | Bought a scroll of identify for 22 gold pieces
  1230 | D:2      | Bought a scroll of fear for 44 gold pieces
  1600 | D:2      | Slain by a gnoll

Illustrated notes

Levels and vault maps discovered:
D:1:      saegor_arrival_fortress, layout_rooms, serial_shops,
          nicolae_lakefront_shop
D:2:      layout_loops_ring, serial_shops, nicolae_shop_pleasant_corner_grove
D:3:      layout_basic, shapermc_ecumenical_altar_mp_highgroup, uniq_sigmund

Skill      XL: |  1  2  3 |
---------------+----------+-----
Fire Magic     | 3 |  3.5
Stealth        | 2 |  2.2
Conjurations   | 2 |  2.0
Fighting       | |  0.1
Dodging        | |  1.9
Spellcasting   | |  2.3

Action                     || total
---------------------------++-------
  Melee: Unarmed           ||    16
         Short sword       ||     3
   Cast: Foxfire           ||    51
         Scorch            ||    11
    Use: Scroll            ||     1
 Armour: Robe              ||    20
  Dodge: Dodged            ||    29
